 Dungeon Crawl Stone Soup version 0.22-a0-252-gcace5d2 (webtiles) character file.

13302 Amnesiac the Slinger (level 11, -5/56 HPs)
             Began as a Spriggan Fighter on Mar 2, 2018.
             Was a High Priest of Okawaru.
             Killed by divine providence
             ... invoked by a meliai
              (15 damage)
             ... on level 12 of the Dungeon.
             The game lasted 00:22:37 (14183 turns).

Amnesiac the Slinger (Spriggan Fighter)            Turns: 14183, Time: 00:22:37

Health: -5/56      AC:  4    Str: 15    XL:     11   Next: 73%
Magic:  13/18      EV: 34    Int:  9    God:    Okawaru [*****.]
Gold:   884        SH: 10    Dex: 20    Spells: 10/10 levels left

rFire    . . .     SeeInvis +   a - +1 fustibalus
rCold    + . .     Gourm    .   c - +1 buckler
rNeg     . . .     Faith    .   H - +2 robe {rC+}
rPois    .         Spirit   .   (helmet restricted)
rElec    .         Reflect  .   (no cloak)
rCorr    .         Harm     .   (gloves unavailable)
MR       +....                  (boots unavailable)
Stlth    +++.......             (no amulet)
HPRegen  0.18/turn              o - ring of flight
MPRegen  0.16/turn              E - +3 ring of dexterity

@: heroism, finesse, very quick
A: very small, unfitting armour, see invisible, herbivore, speed 3, slow
metabolism 2
a: Heroism, Finesse, Renounce Religion, Evoke Flight


You were on level 12 of the Dungeon.
You worshipped Okawaru.
Okawaru was extremely pleased with you.
You were not hungry.

You visited 2 branches of the dungeon, and saw 13 of its levels.

You collected 884 gold pieces.

Inventory:

Hand Weapons
 a - a +1 fustibalus (weapon)
 b - a +0 long sword
Missiles
 p - 233 stones
 t - 107 sling bullets (quivered)
 y - 30 poisoned needles
 B - 12 curare-tipped needles
 F - 3 throwing nets
Armour
 c - a +1 buckler (worn)
 H - a +2 robe of cold resistance (worn)
Jewellery
 e - an uncursed ring of wizardry
 o - a ring of flight (left hand)
 E - a +3 ring of dexterity (right hand)
Wands
 k - a wand of paralysis (19)
 n - a wand of disintegration (14)
 q - a wand of flame (83)
 G - a wand of iceblast (41)
Scrolls
 g - 3 scrolls of teleportation {!r}
 m - 3 scrolls of enchant armour {!r}
 r - 5 scrolls of amnesia {!r}
 v - a scroll of magic mapping {!r}
 x - 9 scrolls of identify {!r}
 A - 3 scrolls of remove curse {!r}
Potions
 d - 3 potions of might {!q}
 h - a potion of curing {!q}
 i - 4 potions of lignification {!q, unknown}
 j - 3 potions of haste {!q, unknown}
 l - 3 potions of heal wounds {!q, unknown}
 s - 2 potions of degeneration {!q, unknown}
 u - 2 potions of agility {!q, unknown}
 z - 2 potions of flight {!q, unknown}
 D - a potion of magic {!q, unknown}
 I - a potion of brilliance {!q}
Miscellaneous
 C - a fan of gales
Comestibles
 f - 26 rations


   Skills:
 + Level 5.4(10.4) Fighting
 - Level 2.0(7.0) Long Blades
 - Level 14.1(19.1) Slings
 * Level 12.1(17.1) Dodging
 + Level 4.9(9.9) Shields
 - Level 8.5 Invocations


You had 10 spell levels left.
You didn't know any spells.

Dungeon Overview and Level Annotations

Branches:
Dungeon (12/15)            Temple (1/1) D:5            Lair (0/6) D:8
    Orc (0/2) D:12

Altars:
Ashenzari
Cheibriados
Dithmenos
Elyvilon
Fedhas
Gozag
Hepliaklqana
Kikubaaqudgha
Makhleb
Nemelex Xobeh
Okawaru
Qazlal
Ru
Sif Muna
Trog
Uskayaw
Vehumet
Wu Jian
Xom
Yredelemnul
Zin
The Shining One

Shops:
D:6 ::   D:12 [


Innate Abilities, Weirdness & Mutations

You are very small and have problems with some larger weapons.
You are too small for most types of armour.
You have supernaturally acute eyesight. (SInv)
You are a herbivore.
You cover ground extremely quickly.
You need consume almost no food.


Message History

The sling bullet closely misses the meliai.
Firing (i - inventory. (/) - cycle)
t - 114 sling bullets (quivered)
Press: ? - help, Shift-Dir - straight line, f/p - meliai
Aim: a meliai, wielding a war axe and wearing a robe (lightly wounded)
You shoot a sling bullet.
The sling bullet hits the meliai but does no damage.
The meliai is lightly wounded.
You feel sick. The meliai misses you. The meliai closely misses you.
Firing (i - inventory. (/) - cycle)
t - 113 sling bullets (quivered)
Press: ? - help, Shift-Dir - straight line, f/p - meliai
Aim: a meliai, wielding a war axe and wearing a robe (lightly wounded)
You shoot a sling bullet. The sling bullet hits the meliai!
The meliai is moderately wounded.
You feel sick.
Firing (i - inventory. (/) - cycle)
t - 112 sling bullets (quivered)
Press: ? - help, Shift-Dir - straight line, f - five-headed hydra
Aim: a five-headed hydra (heavily wounded)
You shoot a sling bullet.
The sling bullet hits the five-headed hydra!
The five-headed hydra is severely wounded.
Unknown command.
You feel sick.
Firing (i - inventory. (/) - cycle)
t - 111 sling bullets (quivered)
Press: ? - help, Shift-Dir - straight line, f/p - five-headed hydra
Aim: a five-headed hydra (severely wounded)
You shoot a sling bullet.
The sling bullet hits the five-headed hydra.
The five-headed hydra is severely wounded.
You feel sick.
Unknown command.
Firing (i - inventory. (/) - cycle)
t - 110 sling bullets (quivered)
Press: ? - help, Shift-Dir - straight line, f/p - five-headed hydra
Aim: a five-headed hydra (severely wounded)
You shoot a sling bullet.
The sling bullet hits the five-headed hydra.
The five-headed hydra is severely wounded.
Unknown command.
You feel sick.
You feel sick.
You feel sick.
Really quaff
h - 2 potions of curing {!q}?
You feel better.
Firing (i - inventory. (/) - cycle)
t - 109 sling bullets (quivered)
Press: ? - help, Shift-Dir - straight line, p - five-headed hydra You shoot a sling bullet.
The sling bullet hits the meliai!
The meliai is severely wounded.
The meliai mumbles some strange prayers to its god against you.
Something smites you!
* * * LOW HITPOINT WARNING * * *
Unknown command.
Really read
w - a scroll of fear {!r}?
As you read the scroll of fear {!r}, it crumbles to dust.
You assume a fearsome visage.
The five-headed hydra looks frightened!
The meliai looks frightened!
Firing (i - inventory. (/) - cycle)
t - 108 sling bullets (quivered)
Press: ? - help, Shift-Dir - straight line, f - five-headed hydra
Aim: a five-headed hydra (severely wounded, fleeing)
You shoot a sling bullet.
The sling bullet hits the five-headed hydra!!
Your attack snaps the five-headed hydra out of its fear.
The five-headed hydra is almost dead.
The meliai calls down the wrath of its god upon you.
Something smites you!
You die...

#.....(....>..#......#
#.............#.....>#
#.............#'##...#
#................#...#
###....######....#.#...#
......(# #....#.#...#
.##..).######....#.#...# .
)..................#####....
#........y.D....@...........
#............#######.....#..
#....#...#..[#######..#..#
#........#............# .#
.(.C.....(............. ..
#...#.################## ##
#...#.####### #(..........#
#...........#


You could see a five-headed hydra (fleeing) and a meliai (fleeing).

Vanquished Creatures
  A dire elephant (shapeshifter) (D:12)
  Erolcha (D:11)
  3 two-headed ogres
  A centaur warrior (D:12)
  An unseen horror (D:12)
  3 cyclopes
  3 trolls
  Grinder (D:4)
  4 slime creatures (D:12)
  A wyvern (D:11)
  A yak (D:12)
  A wraith (D:12)
  A basilisk (D:11)
  A water moccasin (D:10)
  Duvessa (D:7)
  3 orc warriors
  3 ice beasts
  3 sky beasts
  A phantom (D:4)
  A black bear (D:9)
  A necrophage (D:2)
  8 ogres
  5 centaurs
  3 bullfrogs
  A gnoll sergeant (D:12)
  A wyvern zombie (D:9)
  3 scorpions
  Dowan (D:7)
  10 wights
  3 killer bees (D:9)
  A howler monkey (D:6)
  6 crimson imps
  A centaur zombie (D:9)
  6 jellies
  A quasit (D:9)
  8 orc priests
  A centaur skeleton (D:7)
  6 hounds
  3 bullfrog skeletons
  2 iguanas
  12 orc wizards
  A statue (D:8)
  7 worker ants
  2 hound zombies
  Robin (D:4)
  3 worker ant zombies
  12 adders
  3 shadow imps (D:6)
  6 oozes
  An adder zombie (D:5)
  A worm (D:3)
  3 dart slugs
  5 leopard geckos
  39 orcs
  3 ball pythons
  10 bats
  4 giant cockroaches
  21 goblins
  13 hobgoblins
  3 jackals (D:3)
  9 kobolds
  3 quokkas
  6 frilled lizards
  A leopard gecko skeleton (D:5)
  A leopard gecko zombie (D:5)
  2 quokka skeletons
  5 rats
283 creatures vanquished.

Vanquished Creatures (others)
  A fungus (D:8)
  A plant (D:8)
2 creatures vanquished.

Grand Total: 285 creatures vanquished

Notes
Turn   | Place    | Note
-------+----------+-------------------------------------------
     0 | D:1      | Amnesiac the Spriggan Fighter began the quest for the Orb.
     0 | D:1      | Reached XP level 1. HP: 11/11 MP: 2/2
    42 | D:1      | Reached XP level 2. HP: 16/16 MP: 3/3
   377 | D:1      | Reached skill level 5 in Dodging
   523 | D:1      | Reached XP level 3. HP: 19/19 MP: 4/4
   935 | D:2      | Reached skill level 1 in Slings
  1008 | D:2      | Reached skill level 2 in Slings
  1143 | D:2      | You fall through a shaft for 2 floors!
  1143 | D:4      | Noticed a scorpion
  1196 | D:4      | Noticed an ice beast
  1253 | D:4      | Noticed Grinder
  1254 | D:4      | Killed an ice beast
  1254 | D:4      | Reached skill level 4 in Slings
  1254 | D:4      | Reached XP level 4. HP: 16/23 MP: 5/5
  1254 | D:4      | Reached XP level 5. HP: 19/27 MP: 6/6
  1285 | D:3      | Found a burning altar of Makhleb.
  1508 | D:2      | Reached skill level 5 in Slings
  2005 | D:3      | Noticed a necrophage
  2055 | D:3      | Reached skill level 6 in Slings
  2055 | D:3      | Reached XP level 6. HP: 6/32 MP: 7/7
  2556 | D:3      | Reached skill level 7 in Slings
  2990 | D:3      | Found a snail-covered altar of Cheibriados.
  3033 | D:3      | Reached XP level 7. HP: 31/35 MP: 8/8
  3315 | D:3      | Found an opulent altar of Gozag.
  3517 | D:4      | Reached skill level 8 in Slings
  3598 | D:4      | Noticed Robin
  3626 | D:4      | Killed Robin
  3700 | D:4      | Killed Grinder
  3700 | D:4      | Reached skill level 9 in Slings
  4198 | D:4      | Found a bloodstained altar of Trog.
  4356 | D:5      | Entered Level 5 of the Dungeon
  4498 | D:4      | Reached skill level 10 in Slings
  4498 | D:4      | Reached XP level 8. HP: 22/39 MP: 9/9
  4959 | D:5      | Reached skill level 11 in Slings
  5114 | D:5      | Found a staircase to the Ecumenical Temple.
  5123 | Temple   | Entered the Ecumenical Temple
  5323 | Temple   | Became a worshipper of Warmaster Okawaru
  6080 | D:6      | Reached skill level 12 in Slings
  6091 | D:6      | Found a hazy altar of Hepliaklqana.
  6739 | D:6      | Reached XP level 9. HP: 36/44 MP: 10/10
  6946 | D:6      | Found Qoom's Book Emporium.
  6971 | D:6      | Found Cim Viun's Book Shop.
  7074 | D:6      | Found a sacrificial altar of Ru.
  7500 | D:7      | Reached * piety under Okawaru
  7699 | D:7      | Found a shattered altar of Ashenzari.
  7699 | D:7      | Found a basalt altar of Yredelemnul.
  7770 | D:7      | Noticed Dowan
  7788 | D:7      | Killed Dowan
  7819 | D:7      | Noticed Duvessa
  7904 | D:7      | Killed Duvessa
  8609 | D:8      | Found a staircase to the Lair.
  8609 | D:8      | Noticed a two-headed ogre
  8655 | D:8      | Killed a two-headed ogre
  8655 | D:8      | Reached ** piety under Okawaru
  8655 | D:8      | Reached skill level 13 in Slings
  8789 | D:8      | Found a radiant altar of Vehumet.
  8957 | D:8      | Reached XP level 10. HP: 35/49 MP: 11/11
  9244 | D:8      | Reached skill level 14 in Slings
  9403 | D:9      | Found a white marble altar of Elyvilon.
  9694 | D:9      | Noticed a two-headed ogre
  9720 | D:9      | Killed a two-headed ogre
  9720 | D:9      | Reached *** piety under Okawaru
  9720 | D:9      | Reached skill level 10 in Dodging
  9770 | D:9      | Found a glowing golden altar of the Shining One.
 10048 | D:9      | Reached skill level 1 in Invocations
 10228 | D:10     | Entered Level 10 of the Dungeon
 10562 | D:10     | Received a gift from Okawaru
 11449 | D:11     | Reached skill level 5 in Invocations
 11520 | D:11     | Noticed a cyclops
 11827 | D:11     | Noticed Erolcha
 11872 | D:11     | Killed Erolcha
 11872 | D:11     | Reached **** piety under Okawaru
 11965 | D:11     | Reached XP level 11. HP: 54/54 MP: 17/17
 11974 | D:11     | Received a gift from Okawaru
 12176 | D:11     | Noticed a two-headed ogre
 12182 | D:11     | Killed a two-headed ogre
 12371 | D:11     | Reached ***** piety under Okawaru
 12680 | D:12     | Noticed an unseen horror
 12698 | D:12     | Killed an unseen horror
 12792 | D:12     | Received a gift from Okawaru
 12834 | D:12     | Found Tunny's Antique Armour Boutique.
 13473 | D:12     | Noticed a rakshasa
 13626 | D:12     | Found a staircase to the Orcish Mines.
 13635 | D:12     | Noticed a shadow dragon
 13652 | D:12     | Noticed a stone giant
 13652 | D:12     | a shadow dragon changed into a stone giant
 13653 | D:12     | Noticed a sphinx
 13653 | D:12     | a stone giant changed into a sphinx
 13684 | D:12     | Noticed a dire elephant
 13684 | D:12     | a sphinx changed into a dire elephant
 13758 | D:12     | Killed a dire elephant
 13758 | D:12     | Reached skill level 5 in Fighting
 14024 | D:12     | Noticed a centaur warrior
 14026 | D:12     | Received a gift from Okawaru
 14055 | D:12     | Killed a centaur warrior
 14105 | D:12     | Noticed a five-headed hydra
 14113 | D:12     | Received a gift from Okawaru
 14183 | D:12     | Killed from afar by a meliai

Vault maps used:
D:1:      elethiomel_arrival_quiet
D:2:      hangedman_abyss_or_decor_lesser_grid, kennysheep_generic_room_11
D:3:      lemuel_coloured_pillars_altar, kennysheep_slug_shrine,
          minmay_misc_feat_columns, grunt_gozag_breadcrumbs
D:4:      trog_hazing_becter, uniq_robin, uniq_grinder
D:5:      minmay_temple_entry_junction_2, first_ration
D:6:      lemuel_round_altar, lemuel_doored_altar, serial_shops, shop,
          shop_fountains
D:7:      gammafunk_temple_overflow_wave, hangedman_glass_teeth, uniq_duvessa
D:8:      vehumet_statue, dpeg_oklobed_lair, hangedman_little_slice_of_home
D:9:      elyvilon_altar_3, tso_oasis_becter
D:11:     minmay_misc_feat_secret_circle, uniq_erolcha
D:12:     minmay_open_boxes_in_corner, orc_0_dummy, serial_shops,
          kennysheep_mini
Temple:   nicolae_temple_figure_eight

Skill      XL: |  1  2  3  4  5  6  7  8  9 10 11 |
---------------+----------------------------------+-----
Long Blades    | 2 |  2.0
Dodging        | 5 6 9 10 12 | 12.1
Slings         | 4 6 7 10 12 13 14 | 14.1
Fighting       | 3 4 5 |  5.4
Shields        | 3 4 |  4.9
Invocations    | 6 8 |  8.5

Action                   |  1- 3 |  4- 6 |  7- 9 | 10-12 || total
-------------------------+-------+-------+-------+-------++-------
Melee: Long sword        |   113 |    14 |       |       ||   127
 Fire: Hunting sling     |    16 |   192 |   764 |       ||   972
       Fustibalus        |       |       |    88 |   609 ||   697
Invok: Heroism           |       |       |       |     2 ||     2
       Finesse           |       |       |       |     2 ||     2
Evoke: Wand              |     8 |     2 |       |     1 ||    11
  Use: Scroll            |       |       |    10 |     1 ||    11
       Potion            |       |       |     1 |     1 ||     2
 Stab: Sleeping          |     1 |       |       |       ||     1
  Eat: Ration            |       |       |     2 |     2 ||     4
Armor: Robe              |     7 |     3 |    12 |     3 ||    25
Dodge: Dodged            |   105 |    56 |   128 |   111 ||   400
Block: Buckler           |    44 |    24 |    42 |    62 ||   172
       Rpst.: Long sword |    31 |     5 |       |       ||    36

Table legend:
 A = Spawn XP
 B = Non-spawn XP
 C = Spawn XP percentage of total XP
 D = Spawn monster count
 E = Non-spawn monster count
 F = Spawn count percentage of total count
 G = Total turns spent on level
                    A         B        C        D         E        F      G
               +---------+---------+-------+---------+---------+-------+---------
         Total |       0 |   19003 |   0.0 |       0 |     283 |   0.0 | 14183
               +---------+---------+-------+---------+---------+-------+---------
           D:1 |       0 |      49 |   0.0 |       0 |      26 |   0.0 |   960
           D:2 |       0 |     254 |   0.0 |       0 |      22 |   0.0 |  1243
           D:3 |       0 |     306 |   0.0 |       0 |      42 |   0.0 |  1066
           D:4 |       0 |     828 |   0.0 |       0 |      28 |   0.0 |  1301
           D:5 |       0 |     691 |   0.0 |       0 |      21 |   0.0 |  1154
           D:6 |       0 |     887 |   0.0 |       0 |      27 |   0.0 |  1321
           D:7 |       0 |     851 |   0.0 |       0 |      20 |   0.0 |   985
           D:8 |       0 |    1995 |   0.0 |       0 |      21 |   0.0 |   985
           D:9 |       0 |    2041 |   0.0 |       0 |      21 |   0.0 |   991
          D:10 |       0 |    1160 |   0.0 |       0 |      13 |   0.0 |  1047
          D:11 |       0 |    3994 |   0.0 |       0 |      22 |   0.0 |  1333
          D:12 |       0 |    5947 |   0.0 |       0 |      20 |   0.0 |  1575
               +---------+---------+-------+---------+---------+-------+---------
